 Dungeon Crawl Stone Soup version 0.30-a0-1160-g6e42c06551 (webtiles) character file.

Game seed: 11881910183395304166

46 AleXD21137 the Ruffian (level 3, -2/33 HPs)
             Began as a Ghoul Monk on Apr 26, 2023.
             Was the Champion of Ignis.
             Slain by Jessica
             ... wielding a +0 club
              (3 damage)
             ... on level 2 of the Dungeon.
             The game lasted 00:06:23 (1404 turns).

AleXD21137 the Ruffian (Ghoul Monk)                 Turns: 1404, Time: 00:06:24

Health: -2/33      AC:  2    Str: 14    XL:     3   Next: 66%
Magic:  2/2        EV: 12    Int:  7    God:    Ignis [******]
Gold:   114        SH:  0    Dex: 11    Spells: 2/2 levels left

rFire   + .          .
                       - Unarmed
rCold   + . .        c - orb {light}
rNeg    + + +        a - +0 robe
rPois   ∞            (no helmet)
rElec   .            (no cloak)
rCorr   .            (no gloves)
SInv    .            (no boots)
Will    .....        (no amulet)
Stlth   +            (no ring)
HPRegen 0.00/turn    (no ring)
MPRegen 0.08/turn

%: no passive effects
@: inhibited regen, slowed, glowing, very slow
A: claws 1, cold resistance 1, negative energy resistance 3, inhibited
regeneration, torment resistance 2, devour on kill
a: Renounce Religion, Fiery Armour, Foxfire Swarm, Rising Flame


You were on level 2 of the Dungeon.
You worshipped Ignis.
Ignis was exalted by your worship.
You visited 1 branch of the dungeon, and saw 2 of its levels.

You collected 114 gold pieces.

Inventory:

Armour
 a - a +0 robe (worn)
 c - an orb of light (worn)
Scrolls
 d - a scroll of magic mapping {unknown}
 e - a scroll of noise {unknown}
 f - a scroll of identify (quivered) {unknown}


   Skills:
 + Level 3.8 Fighting
 + Level 3.1 Dodging
 + Level 4.1 Unarmed Combat


You had 2 spell levels left.
You didn't know any spells.
Your spell library contained the following spells:

 Spells                   Type           Power      Damage    Failure   Level
 Magic Dart               Conj           0%         1d3       43%         1
 Searing Ray              Conj           0%         2d4       56%         2
 Fulminant Prism          Conj/Hex       0%         3d5       99%         4


Dungeon Overview and Level Annotations

Branches:
Dungeon (2/15)

Altars:
Ignis

Annotations:
D:2 Jessica


Innate Abilities, Weirdness & Mutations

You are immune to poison.
You have sharp fingernails.
Your flesh is cold resistant. (rC+)
You are immune to negative energy. (rN+++)
You do not regenerate when monsters are visible.
You are immune to unholy pain and torment.
You thrive by killing the living.


Message History

Natasha attacks as you move away! Natasha closely misses you.
The cerulean imp hits you from afar with a +1 spear.
* * * LOW HITPOINT WARNING * * *
You scratch Natasha.
Natasha is severely wounded.
Natasha barely misses you.
Jessica gestures wildly while chanting.
Jessica blinks!
Natasha attacks as you move away! Natasha closely misses you.
Natasha stares at you and mumbles some strange words.
You resist with significant effort.
The cerulean imp hits you from afar with a +1 spear.
You're too confused to move!
You feel less invigorated.
You feel less confused.
The cerulean imp hits you from afar with a +1 spear.
The cerulean imp disappears in a puff of smoke!
Natasha barely misses you. Natasha casts a spell at you.
You feel yourself slow down. Natasha barely misses you.
You scratch Natasha.
You kill Natasha!
You feel better.
Natasha yowls pathetically as she dies!
Jessica barely misses you.
You feel your strength returning.
Your Unarmed Combat skill increases to level 4!
You have reached level 3!
Your experience leads to an increase in your attributes!
Increase (S)trength, (I)ntelligence, or (D)exterity?
You feel clever. x2
You barely miss Jessica. Jessica hits you with a +0 club.
* * * LOW HITPOINT WARNING * * *
You barely miss Jessica. Jessica misses you.
You scratch Jessica.
Jessica is severely wounded.
Jessica hits you with a +0 club.
* * * LOW HITPOINT WARNING * * *
Jessica hits you with a +0 club.
You die...

#.# #.##...# #....
#.###......# #.###
#..........# #.#
#######....#######.#
####.........#
###.#######
####.######
######.........#
#.@@..?##.####.#
#.###..##.# #.#
#..##.. #.. .....5.#
#..##..#...#
#..##.......
#..##.##...# #.....#
#.##


You could see Jessica.

Vanquished Creatures
  Natasha (D:2)
  3 endoplasms
  A giant cockroach (D:1)
  3 goblins (D:1)
  4 hobgoblins (D:1)
  A quokka (D:1)
  2 ball pythons (D:1)
  A bat (D:1)
  A frilled lizard (D:1)
  2 rats (D:1)
19 creatures vanquished.

Notes
Turn   | Place    | Note
-------+----------+-------------------------------------------
     0 | D:1      | AleXD21137 the Ghoul Monk began the quest for the Orb.
     0 | D:1      | Reached XP level 1. HP: 19/19 MP: 0/0
   377 | D:1      | Reached XP level 2. HP: 17/26 MP: 1/1
   468 | D:1      | Found a faded altar of an unknown god.
   485 | D:1      | Prayed at the altar of an unknown god.
   485 | D:1      | Became a worshipper of Ignis, the Dying Flame
   485 | D:1      | Reached ****** piety under Ignis
  1372 | D:2      | Noticed Jessica
  1373 | D:2      | Noticed Natasha
  1391 | D:2      | HP: 1/27 [cerulean imp/+1 spear[Natasha] (1)]
  1401 | D:2      | Killed Natasha
  1402 | D:2      | Reached skill level 4 in Unarmed Combat
  1402 | D:2      | Reached XP level 3. HP: 13/33 MP: 2/2
  1404 | D:2      | HP: 1/33 [Jessica/+0 club (6)]
  1404 | D:2      | Slain by Jessica

Illustrated notes

Levels and vault maps discovered:
D:1:      minmay_arrival_jagged, layout_loops_corners,
          chequers_ecumenical_altar_island, minmay_pentomino_z2
D:2:      kennysheep_six_static_rooms, layout_loops_corners, uniq_robin,
          uniq_terence, uniq_natasha, uniq_jessica

Skill      XL: |  1  2 |
---------------+-------+-----
Dodging        | 3 |  3.1
Unarmed Combat | 4 |  4.1
Fighting       | |  3.8

Action                     || total
---------------------------++-------
  Melee: Unarmed           ||    70
    Use: Potion            ||     2
         Scroll            ||     1
 Armour: Robe              ||    16
  Dodge: Dodged            ||    68

Table legend: (Time is in decaauts)
 A = Elapsed time spent in this place.
 B = Non-inter-level travel time spent in this place.
 C = Inter-level travel time spent in this place.
 D = Time resting spent in this place.
 E = Time spent auto-exploring this place.
 F = Levels seen in this place.
 G = Mean time per level.
                   A        B        C        D        E       F      G
               +--------+--------+--------+--------+--------+-----+--------+
         Total |   1412 |   1371 |     41 |      0 |    782 |   2 |  706.0 |
       Dungeon |   1412 |   1371 |     41 |      0 |    782 |   2 |  706.0 |
               +--------+--------+--------+--------+--------+-----+--------+

Top non-repeatable levels by time:
     D:1: 1267 daAuts
     D:2: 144 daAuts
